 Dungeon Crawl Stone Soup version 0.23.0-2-g0fe3ce5905 (webtiles) character file.

Game seed: 13586480321258269399

73052 Jannitor the Blocker (level 15, -5/124 HPs)
             Began as a Formicid Fighter on Feb 20, 2019.
             Was a High Priest of the Shining One.
             Slain by a yaktaur (9 damage)
             ... summoned by a boggart
             ... on level 2 of the Depths.
             The game lasted 00:29:55 (17943 turns).

Jannitor the Blocker (Formicid Fighter)            Turns: 17943, Time: 00:29:55

Health: -5/124     AC: 20    Str: 27    XL:     15   Next: 88%
Magic:  2/8        EV:  8    Int:  9    God:    the Shining One [*****.]
Gold:   985        SH: 21    Dex: 11    Spells: 14/14 levels left

rFire    . . .     SeeInvis +   F - +12 great mace of Mioghe {antimagic, Fragile MR+ Str+2 SInv}
rCold    + . .     Gourm    .   h - +0 large shield
rNeg     + + .     Faith    .   A - +1 plate armour
rPois    .         Spirit   .   (helmet unavailable)
rElec    .         Reflect  .   (no cloak)
rCorr    .         Harm     .   B - +2 pair of gloves
MR       +++..                  (no boots)
Stlth    ..........             (no amulet)
HPRegen  0.30/turn              l - ring of protection from cold
MPRegen  0.11/turn              r - ring of protection from magic

@: marked, glowing
A: permanent stasis, dig shafts and tunnels, four strong arms, antennae 3
a: Dig, Shaft Self, Divine Shield, Cleansing Flame, Summon Divine Warrior,
Renounce Religion


You were on level 2 of the Depths.
You worshipped the Shining One.
The Shining One was extremely pleased with you.
You were not hungry.

You visited 2 branches of the dungeon, and saw 17 of its levels.
You also visited: Bailey.

You collected 985 gold pieces.

Inventory:

Hand Weapons
 a - a +0 flail
 d - a +2 dire flail
 z - a +0 great mace
 F - the +12 great mace of Mioghe (weapon) {antimagic, Fragile MR+ Str+2 SInv}
   (You took it off an ogre on level 7 of the Dungeon)

   It reduces the magical energy of the wielder, and disrupts the spells and
   magical abilities of those hit.
   Natural abilities and divine invocations are not affected.
   It affects your strength (+2).
   It affects your resistance to hostile enchantments.
   It lets you see invisible.
   It will be destroyed if unequipped.
Armour
 c - a +0 shield
 h - a +0 large shield (worn)
 A - a +1 plate armour (worn)
 B - a +2 pair of gloves (worn)
Jewellery
 j - an uncursed amulet of harm
 l - a ring of protection from cold (left hand)
 n - an uncursed ring of positive energy
 r - a ring of protection from magic (right hand)
 u - an uncursed ring of magical power
 w - an uncursed ring of fire
 C - an uncursed ring of magical power
 H - an uncursed ring of poison resistance
Wands
 q - a wand of paralysis (7)
 s - a wand of disintegration (16)
 x - a wand of polymorph (11)
 K - a wand of digging (5)
Scrolls
 e - 2 scrolls of fear
 i - 2 scrolls of magic mapping
 k - 2 scrolls of amnesia
 m - 8 scrolls of remove curse
 o - 19 scrolls of identify
 y - 2 scrolls of fog
 E - a scroll of immolation {unknown}
 G - a scroll of torment {unknown}
 J - a scroll of enchant weapon
Potions
 b - 2 potions of lignification
 p - 6 potions of curing
 t - 2 potions of berserk rage
 v - 3 potions of brilliance
 I - a potion of mutation
Miscellaneous
 D - a lamp of fire
Comestibles
 f - 28 rations


   Skills:
 + Level 13.6 Fighting
 + Level 12.4 Maces & Flails
 + Level 13.6 Armour
 + Level 14.7 Shields
 + Level 12.9 Invocations


You had 14 spell levels left.
You didn't know any spells.
Your spell library contained the following spells:

 Spells                   Type           Power        Failure   Level  Hunger
 Beastly Appendage        Tmut           #.....       97%         1    ##.....
 Confusing Touch          Hex            #.....       97%         1    ##.....
 Corona                   Hex            #......      97%         1    ##.....
 Summon Small Mammal      Summ           #...         97%         1    ##.....
 Call Imp                 Summ           #.......     99%         2    ###....
 Ensorcelled Hibernation  Hex/Ice        #.....       99%         2    ###....
 Call Canine Familiar     Summ           #.......     100%        3    ####...
 Confuse                  Hex            #.......     100%        3    ####...
 Dazzling Spray           Conj/Hex       #.....       100%        3    ####...
 Summon Guardian Golem    Hex/Summ       #.......     100%        3    ####...
 Tukima's Dance           Hex            #.......     100%        3    ####...
 Petrify                  Tmut/Erth      #.......     100%        4    #####..
 Summon Ice Beast         Ice/Summ       #.......     100%        4    #####..
 Summon Lightning Spire   Summ/Air       #.......     100%        4    #####..
 Invisibility             Hex            #.......     100%        6    #######
 Discord                  Hex            #.........   100%        8    #######


Dungeon Overview and Level Annotations

Branches:
Dungeon (15/15)            Temple (0/1) D:6            Lair (0/6) D:8
    Orc (0/2) D:9          Vaults (0/5) D:14         Depths (1/5) D:15

Altars:
Ashenzari
Fedhas
Gozag
Makhleb
Nemelex Xobeh
Qazlal
Sif Muna
Trog
Uskayaw
Wu Jian
Yredelemnul
Zin
The Shining One

Shops:
D:10 [

Portals:
Hell: Depths:1

Annotations:
D:9 1 runed translucent door, Laan's ghost, novice GrSk
Depths:1 the Enchantress


Innate Abilities, Weirdness & Mutations

You cannot be hasted, slowed, berserked, paralysed or teleported.
You can dig through walls and to a lower floor.
Your four strong arms can wield two-handed weapons with a shield.
You have a pair of large antennae on your head. (SInv)


Message History

Unknown command.
Unknown command.
Are you sure you want to shaft yourself?
You feel somewhat more hungry.
The yaktaur shoots a bolt.
The bolt hits you.
* * * LOW HITPOINT WARNING * * *
The bolt dissolves into shadows!
The yaktaur unwields a +0 arbalest.
You block the yaktaur's attack. You block the yaktaur captain's attack.
The yaktaur pulls the alarm!
The alarm trap emits a blaring wail!
A sentinel's mark forms upon you. The stone giant hits you!
* * * LOW HITPOINT WARNING * * *
The boggart gestures wildly while chanting.
You block the yaktaur's attack.
You hear a shout! x10; You hear a loud, deep croak!
You hear a deafening roar!
You hear a shout!
You hear a bleat!
You hear two shouts!
You hear a shout! x6
You hear a deafening roar!
You hear a shout! x14; You hear a deafening roar!
You begin to dig a shaft.
You continue digging a shaft.
You block the yaktaur captain's attack. The yaktaur hits you!
You die...

# #$# { .#.#.
#########..^..
#......c......
##....=.cgC....
#.....cgCcgc...
##.....c@# { .
#......§c+ {...
#...#....###....
#. #...........
##..........
##.........
##........
##.......
#......


You could see a frost giant, a stone giant, 2 yaktaur captains, 5 yaktaurs and 3
boggarts.

Vanquished Creatures
  2 fire giants
  2 spriggan defenders (Depths:1)
  4 stone giants
  Azrael (D:13)
  2 ettins
  Snorg (D:14)
  A yaktaur captain (D:12)
  2 ogre magi
  A fire dragon (D:15)
  3 hydras
  4 vault guards (D:14)
  A spriggan air mage (Depths:1)
  5 centaur warriors
  11 two-headed ogres
  2 tengu warriors
  2 vampire magi (Depths:1)
  A spriggan berserker (Depths:1)
  An orc high priest (D:11)
  A hell knight (D:15)
  The ghost of PentaManta the Nimble, a novice KoBe of Trog (D:7)
  2 unseen horrors
  A deep elf archer (D:15)
  3 orc knights
  15 ugly things
  3 manticores
  An orc sorcerer (D:11)
  A deep elf mage (D:12)
  A faun (D:13)
  A cyclops (D:13)
  A moth of wrath (D:7)
  3 gargoyles
  A yaktaur (Depths:1)
  A freezing wraith (D:13)
  2 kobold demonologists
  2 tengu conjurers
  A rime drake (shapeshifter) (Depths:1)
  A komodo dragon (D:15)
  7 trolls
  2 hippogriffs
  A hornet (D:10)
  A vampire (D:10)
  A spriggan (Depths:1)
  4 shadows
  A centaur simulacrum (D:12)
  6 fire elementals (D:13)
  A human (D:11)
  20 yaks
  A wraith (D:13)
  A wyvern (D:14)
  Eustachio (D:6)
  2 steam dragons
  2 hungry ghosts
  6 vampire mosquitoes
  Menkaure (D:6)
  A warg (D:11)
  An acid dragon (D:14)
  2 hell hounds (D:13)
  2 soldier ants
  A water moccasin (D:12)
  2 swamp drakes (Bailey)
  2 porcupines (D:8)
  18 orc warriors
  3 ice beasts
  3 necrophages
  5 sky beasts
  6 phantoms
  2 black bears
  6 boggarts
  10 ogres
  16 centaurs
  3 crocodiles
  3 big kobolds
  18 bullfrogs
  A wyvern skeleton (D:9)
  5 scorpions
  13 wights
  3 howler monkeys (D:7)
  7 crimson imps
  6 centaur zombies
  5 hounds
  A bullfrog zombie (D:5)
  7 orc priests
  3 jellies
  3 centaur skeletons
  3 iguanas
  Jessica (D:2)
  A bullfrog skeleton (D:8)
  13 worker ants
  14 orc wizards
  2 hound skeletons
  A worker ant zombie (D:11)
  4 gnolls (D:3)
  7 adders
  8 shadow imps
  3 adder zombies
  5 adder skeletons
  5 worms
  A dart slug (D:1)
  4 leopard geckos
  69 orcs
  5 giant cockroaches
  2 gnoll zombies (D:2)
  12 goblins
  11 hobgoblins
  5 jackals
  15 kobolds
  2 quokkas
  A ball python (D:3)
  5 bats
  3 frilled lizards
  A leopard gecko skeleton (D:7)
  9 rats
  2 toadstools (D:1)
518 creatures vanquished.

Vanquished Creatures (collateral kills)
  Frances (D:12)
1 creature vanquished.

Vanquished Creatures (others)
  A centaur (Depths:1)
  3 fungi (D:8)
  2 toadstools (D:1)
6 creatures vanquished.

Grand Total: 525 creatures vanquished

Notes
Turn   | Place    | Note
-------+----------+-------------------------------------------
     0 | D:1      | Jannitor the Formicid Fighter began the quest for the Orb.
     0 | D:1      | Reached XP level 1. HP: 18/18 MP: 1/1
    69 | D:1      | Reached XP level 2. HP: 15/24 MP: 2/2
   467 | D:1      | Reached skill level 4 in Shields
   467 | D:1      | Reached XP level 3. HP: 29/29 MP: 3/3
   810 | D:2      | Found an opulent altar of Gozag.
   992 | D:2      | Found a glowing golden altar of the Shining One.
   997 | D:2      | Became a worshipper of the Shining One
  1149 | D:2      | Reached XP level 4. HP: 17/37 MP: 4/4
  1274 | D:2      | Found a basalt altar of Yredelemnul.
  1520 | D:2      | Found a bloodstained altar of Trog.
  1650 | D:2      | Noticed Jessica
  1661 | D:2      | Killed Jessica
  1956 | D:3      | Reached XP level 5. HP: 19/42 MP: 5/5
  2906 | D:4      | Reached XP level 6. HP: 36/49 MP: 6/6
  3059 | D:4      | Found a sparkling altar of Nemelex Xobeh.
  3211 | D:4      | Noticed an ogre
  3223 | D:4      | Killed an ogre
  3223 | D:4      | Reached skill level 5 in Shields
  3486 | D:4      | Noticed an ogre
  3596 | D:5      | Entered Level 5 of the Dungeon
  3629 | D:5      | Reached * piety under the Shining One
  3655 | D:5      | Noticed a phantom
  3686 | D:5      | Killed a phantom
  3686 | D:5      | Reached skill level 5 in Fighting
  3686 | D:5      | Reached XP level 7. HP: 50/56 MP: 7/7
  3808 | D:5      | Reached skill level 5 in Armour
  3944 | D:5      | Found a burning altar of Makhleb.
  3997 | D:5      | Noticed a yak
  3999 | D:5      | Noticed a yak
  3999 | D:5      | Noticed a yak
  4013 | D:5      | Killed a yak
  4013 | D:5      | Reached skill level 6 in Shields
  4018 | D:5      | Killed a yak
  4018 | D:5      | Reached XP level 8. HP: 54/64 MP: 8/8
  4029 | D:5      | Killed a yak
  4423 | D:6      | Found a staircase to the Ecumenical Temple.
  4527 | D:6      | Reached skill level 5 in Maces & Flails
  4630 | D:6      | Noticed Eustachio
  4640 | D:6      | Found a sparkling altar of Nemelex Xobeh.
  4662 | D:6      | Killed Eustachio
  4833 | D:6      | Noticed Menkaure
  4846 | D:6      | Killed Menkaure
  4846 | D:6      | Reached skill level 7 in Shields
  4900 | D:6      | Reached XP level 9. HP: 51/71 MP: 9/9
  4956 | D:6      | Found a hide-covered altar of Uskayaw.
  4957 | D:6      | Found an ornate altar of the Wu Jian Council.
  4958 | D:6      | Found a blossoming altar of Fedhas.
  5233 | D:7      | Identified the +12 great mace of Mioghe {antimagic, Fragile
                  | MR+ Str+2 SInv}
  5283 | D:7      | Noticed a moth of wrath
  5284 | D:7      | Reached ** piety under the Shining One
  5287 | D:7      | Found a bloodstained altar of Trog.
  5293 | D:7      | Noticed PentaManta's ghost (novice KoBe)
  5295 | D:7      | Found a transporter.
  5301 | D:7      | Found a transporter.
  5708 | D:7      | Reached skill level 1 in Invocations
  5867 | D:7      | Reached skill level 8 in Shields
  6031 | D:8      | Reached *** piety under the Shining One
  6193 | D:8      | Reached XP level 10. HP: 80/80 MP: 12/12
  6201 | D:8      | Found a staircase to the Lair.
  6649 | D:8      | Noticed a seven-headed hydra
  6663 | D:8      | You fall through a shaft!
  6951 | D:9      | Reached skill level 9 in Shields
  6990 | D:9      | Noticed Laan's ghost (novice GrSk)
  6993 | D:9      | Found a runed translucent door.
  7036 | D:9      | Found a staircase to the Orcish Mines.
  7101 | D:9      | Found a stormy altar of Qazlal.
  7108 | D:9      | Found a deep blue altar of Sif Muna.
  7111 | D:9      | Found a shattered altar of Ashenzari.
  7115 | D:9      | Found a glowing silver altar of Zin.
  7597 | D:10     | Entered Level 10 of the Dungeon
  7619 | D:10     | Noticed a two-headed ogre
  7640 | D:10     | Killed a two-headed ogre
  7640 | D:10     | Reached skill level 5 in Invocations
  8148 | D:10     | Reached XP level 11. HP: 75/87 MP: 15/15
  8392 | D:10     | Reached skill level 10 in Shields
  8479 | D:10     | Reached **** piety under the Shining One
  8610 | D:10     | Found Ziffurud's Antique Armour Boutique.
  9449 | D:11     | Noticed a white ugly thing
  9472 | D:11     | Killed a white ugly thing
  9524 | D:11     | Found a flagged portal.
  9541 | Bailey   | Entered a bailey
  9958 | Bailey   | Noticed an orc high priest
  9961 | Bailey   | Found an iron altar of Okawaru.
  9973 | Bailey   | Noticed a sun demon
 10000 | Bailey   | Noticed a sun demon
 10003 | Bailey   | HP: 2/90 [orc high priest/+0 war axe (5)]
 10011 | D:11     | Killed an orc high priest
 10513 | D:11     | Noticed a manticore
 10525 | D:11     | Killed a manticore
 10525 | D:11     | Reached skill level 10 in Fighting
 10525 | D:11     | Reached skill level 10 in Armour
 10525 | D:11     | Reached XP level 12. HP: 53/97 MP: 17/17
 11120 | D:11     | Reached skill level 11 in Shields
 11751 | D:12     | Found a hide-covered altar of Uskayaw.
 11922 | D:12     | Noticed a yaktaur captain
 11926 | D:12     | Noticed a fire giant
 11943 | D:12     | Killed a fire giant
 11950 | D:12     | Killed a yaktaur captain
 12197 | D:12     | Identified Sif Muna's Collected Works on Transmutation and
                  | Bewitchment
 12485 | D:12     | Noticed an unseen horror
 12489 | D:12     | Reached XP level 13. HP: 105/105 MP: 19/19
 12673 | D:12     | Noticed a centaur warrior
 12699 | D:12     | Killed a centaur warrior
 12699 | D:12     | Reached skill level 10 in Maces & Flails
 12699 | D:12     | Reached skill level 12 in Shields
 12791 | D:12     | Noticed Frances
 12795 | D:12     | You fall through a shaft for 3 floors!
 12795 | D:15     | Entered Level 15 of the Dungeon
 12813 | D:15     | Reached ***** piety under the Shining One
 12850 | D:14     | Noticed a centaur warrior
 12862 | D:14     | Killed a centaur warrior
 12953 | D:13     | Reached skill level 10 in Invocations
 13021 | D:13     | Noticed Nessos
 13025 | D:13     | Noticed Nessos
 13025 | D:13     | Nessos changed into Nessos the faun
 13031 | D:13     | Killed Nessos the faun
 13199 | D:13     | Noticed Azrael
 13211 | D:13     | Killed Azrael
 13720 | D:14     | Noticed a vault guard
 13721 | D:14     | Noticed a vault guard
 13722 | D:14     | Noticed a vault guard
 13735 | D:14     | Killed a vault guard
 13748 | D:14     | Killed a vault guard
 13748 | D:14     | Reached XP level 14. HP: 100/115 MP: 21/21
 13783 | D:14     | Reached skill level 13 in Shields
 13794 | D:14     | Noticed Snorg
 13810 | D:14     | Killed Snorg
 13884 | D:14     | Found a gate to the Vaults.
 15068 | D:15     | Found a staircase to the Depths.
 15117 | D:15     | Reached XP level 15. HP: 96/122 MP: 23/23
 15503 | D:15     | Reached skill level 14 in Shields
 15839 | D:12     | Killed Frances
 16080 | D:7      | You fall through a shaft!
 16417 | D:7      | Killed PentaManta's ghost
 16602 | Depths:1 | Entered Level 1 of the Depths
 16638 | Depths:1 | Noticed a fire giant
 16773 | Depths:1 | Noticed a stone giant
 16779 | D:15     | Killed a fire giant
 16794 | Depths:1 | Killed a stone giant
 16804 | Depths:1 | Noticed a stone giant
 17183 | Depths:1 | Noticed a stone giant
 17197 | D:15     | Killed a stone giant
 17344 | Depths:1 | Killed a stone giant
 17413 | Depths:1 | Found a gateway to Hell.
 17534 | Depths:1 | Noticed a stone giant
 17549 | Depths:1 | Killed a stone giant
 17617 | Depths:1 | Noticed a spriggan defender
 17634 | Depths:1 | Killed a spriggan defender
 17804 | Depths:1 | Identified the +2 faerie dragon scales {rC+ rCorr Int+4}
 17804 | Depths:1 | Noticed the Enchantress
 17864 | Depths:1 | Noticed a spriggan defender
 17868 | Depths:1 | Noticed a spriggan defender
 17879 | Depths:1 | Killed a spriggan defender
 17934 | Depths:1 | You fall through a shaft!
 17938 | Depths:2 | Noticed a stone giant
 17942 | Depths:2 | HP: 4/124 [stone giant (13)]
 17943 | Depths:2 | Noticed a frost giant
 17943 | Depths:2 | Slain by a yaktaur

Skill      XL: |  1  2  3  4  5  6  7  8  9 10 11 12 13 14 15 |
---------------+----------------------------------------------+-----
Shields        | 4 5 6 7 8 9 10 11 12 13 14 | 14.7
Fighting       | 4 5 6 7 8 10 12 13 | 13.6
Armour         | 4 5 6 7 8 10 11 12 13 | 13.6
Maces & Flails | 3 4 5 6 7 8 9 10 11 12 | 12.4
Invocations    | 2 5 7 9 10 11 12 | 12.9

Action                   |  1- 3 |  4- 6 |  7- 9 | 10-12 | 13-15 || total
-------------------------+-------+-------+-------+-------+-------++-------
Melee: Flail             |   139 |   153 |   156 |       |       ||   448
       Dire flail        |       |       |    99 |   701 |   805 ||  1605
       Great mace        |       |       |       |       |   132 ||   132
Invok: Divine Shield     |       |       |       |     9 |    16 ||    25
       Cleansing Flame   |       |       |       |     1 |     4 ||     5
       Summon Divine War |       |       |       |       |     2 ||     2
 Abil: Dig               |       |     3 |       |     1 |     7 ||    11
       Shaft Self        |       |       |       |     1 |     4 ||     5
Evoke: Wand              |       |       |       |     3 |     2 ||     5
  Use: Potion            |       |     1 |     4 |     9 |     2 ||    16
       Scroll            |       |       |     7 |     2 |     6 ||    15
  Eat: Chunk             |     1 |     7 |     3 |    18 |    17 ||    46
       Ration            |       |       |     2 |     2 |     2 ||     6
Armor: Scale mail        |    46 |    44 |       |       |       ||    90
       Chain mail        |       |     4 |    84 |   112 |       ||   200
       Skin              |       |       |       |     8 |       ||     8
       Plate armour      |       |       |       |    45 |   226 ||   271
Dodge: Dodged            |    28 |    36 |    20 |    76 |    99 ||   259
Block: Shield            |     9 |       |       |       |       ||     9
       Large shield      |    88 |   118 |   195 |   548 |   892 ||  1841
